 Dungeon Crawl Stone Soup version 0.19.0-19-g8c6edcc (webtiles) character file.

246 Krapule the Twirler (level 5, -7/46 HPs)
             Began as a Minotaur Gladiator on Nov 12, 2016.
             Was an Initiate of Cheibriados.
             Mangled by Monsterracer's ghost (12 damage)
             ... on level 4 of the Dungeon on Nov 13, 2016.
             The game lasted 00:09:50 (3315 turns).

Krapule the Twirler (Minotaur Gladiator)            Turns: 3315, Time: 00:09:50

Health: -7/46      AC: 10    Str: 21    XL:     5   Next: 84%
Magic:  4/4        EV: 15    Int:  7    God:    Cheibriados [......]
Gold:   127        SH:  6    Dex: 16    Spells: 0 memorised, 4 levels left

rFire  + . .     SeeInvis .     a - +0 quarterstaff
rCold  + . .     Gourm    .     A - +0 chain mail
rNeg   . . .     Faith    .     (shield currently unavailable)
rPois  .         Spirit   .     c - +0 hat
rElec  .         Reflect  +     w - +0 cloak
rCorr  .         Harm     .     (no gloves)
MR     .....                    (no boots)
Stlth  ..........               x - +6 amulet of reflection
                                b - ring of protection from fire
                                k - ring of protection from cold

@: agile, very slow
A: retaliatory headbutt, horns 2
a: Bend Time, Renounce Religion


You were on level 4 of the Dungeon.
You worshipped Cheibriados.
Cheibriados was noncommittal.
You were hungry.

You visited 2 branches of the dungeon, and saw 6 of its levels.

You collected 127 gold pieces.

Inventory:

Hand Weapons
 a - a +0 quarterstaff (weapon)
Missiles
 d - 3 throwing nets
 z - 5 tomahawks (quivered)
Armour
 c - a +0 hat (worn)
 w - a +0 cloak (worn)
 A - a +0 chain mail (worn)
Jewellery
 b - a ring of protection from fire (right hand)
 k - a ring of protection from cold (left hand)
 x - a +6 amulet of reflection (around neck)
 G - an uncursed amulet of rage {unknown}
 H - an uncursed amulet of the gourmand {unknown}
Scrolls
 g - a scroll of random uselessness {unknown}
 j - 3 scrolls of blinking {unknown}
 q - 3 scrolls of teleportation {unknown}
 r - 4 scrolls of remove curse
 s - a scroll of magic mapping {unknown}
 u - 2 scrolls of fear {unknown}
 v - 2 scrolls of identify {unknown}
 y - a scroll of noise {unknown}
 B - a scroll of amnesia {unknown}
 F - a scroll of enchant weapon {unknown}
Potions
 e - 2 potions of curing {unknown}
 h - 2 potions of degeneration {unknown}
 i - 2 potions of flight {unknown}
 l - a potion of cure mutation {unknown}
 m - 2 potions of agility
 n - 2 potions of lignification {unknown}
 o - 2 potions of might {unknown}
 p - 3 potions of brilliance {unknown}
 C - a potion of mutation {unknown}
Comestibles
 f - 4 bread rations
 t - 2 beef jerkies
 D - a slice of pizza
 E - a royal jelly


   Skills:
 + Level 4.2 Fighting
 + Level 4.8 Staves
 - Level 2.0 Throwing
 + Level 3.3 Armour
 + Level 4.5 Dodging
 + Level 0.6 Invocations


You had 4 spell levels left.
You didn't know any spells.

Dungeon Overview and Level Annotations

Branches:
Dungeon (5/15)             Temple (1/1) D:5

Altars:
Cheibriados
Dithmenos
Elyvilon
Fedhas
Gozag
Hepliaklqana
Kikubaaqudgha
Nemelex Xobeh
Okawaru
Qazlal
Ru
Sif Muna
Trog
Uskayaw
Vehumet
Xom
Zin
The Shining One

Annotations:
D:4 Monsterracer's ghost, amateur HOMo


Innate Abilities, Weirdness & Mutations

You reflexively headbutt those who attack you in melee.
You have a pair of horns on your head.


Message History

You block Monsterracer's ghost's attack.
Monsterracer's ghost hits you!
You hit Monsterracer's ghost but do no damage.
Your headbutt misses Monsterracer's ghost.
Monsterracer's ghost is moderately damaged.
Monsterracer's ghost barely misses you.
There is an open door here.
You closely miss Monsterracer's ghost.
Monsterracer's ghost is moderately damaged.
Monsterracer's ghost hits you but does no damage.
You block Monsterracer's ghost's attack. x2
Monsterracer's ghost hits you!
Monsterracer's ghost hits you but does no damage.
There is an open door here.
Monsterracer's ghost hits you!
* * * LOW HITPOINT WARNING * * *
It was a potion of agility.
You feel agile all of a sudden. Monsterracer's ghost hits you!
You die...

##.##..###.....##...##########...
#.##'##........##'####......#...
#.....#........#.....'......#...
#.....#........#.....#......#...
.#.....#........'.....#......#...
#######........###..#########...
.............######.........
...........W.#....#.........
...........@.#....#.........
........(.........#....'.........
.......((.........#)####.........
.....(#########.)..........######
......# #............#.....
......' #............#.....
......# #............#.....
......# #............##...#
.....W#######+###+######'####...#


You could see Monsterracer's ghost.

Vanquished Creatures
  A centaur skeleton (D:4)
  An orc priest (D:4)
  Ijyb (D:2)
  A worker ant (D:4)
  7 adders
  A shadow imp (D:5)
  2 worms
  A dart slug (D:1)
  2 leopard geckos (D:2)
  4 orcs (D:4)
  3 bats
  5 giant cockroaches
  10 goblins
  4 hobgoblins
  2 jackals (D:3)
  A quokka (D:2)
  2 ball pythons
  2 frilled lizards
  6 kobolds
  5 rats
61 creatures vanquished.

Notes
Turn   | Place    | Note
-------+----------+-------------------------------------------
     0 | D:1      | Krapule the Minotaur Gladiator began the quest for the Orb.
     0 | D:1      | Reached XP level 1. HP: 18/18 MP: 0/0
   235 | D:1      | Reached skill level 1 in Armour
   280 | D:1      | Reached XP level 2. HP: 17/25 MP: 1/1
   683 | D:1      | Found a glowing golden altar of the Shining One.
   901 | D:2      | Reached XP level 3. HP: 24/30 MP: 2/2
  1396 | D:2      | Noticed Ijyb
  1414 | D:2      | Killed Ijyb
  1414 | D:2      | Reached XP level 4. HP: 28/38 MP: 3/3
  1836 | D:3      | Found a stormy altar of Qazlal.
  2312 | D:3      | Found an iron altar of Okawaru.
  2428 | D:4      | Reached XP level 5. HP: 29/46 MP: 4/4
  2647 | D:4      | Noticed Monsterracer's ghost (amateur HOMo)
  2660 | D:5      | Entered Level 5 of the Dungeon
  2835 | D:5      | Found a staircase to the Ecumenical Temple.
  2842 | Temple   | Entered the Ecumenical Temple
  2989 | Temple   | Became a worshipper of Cheibriados the Contemplative
  3315 | D:4      | Mangled by Monsterracer's ghost

Skill      XL: |  1  2  3  4  5 |
---------------+----------------+-----
Armour         | 1 2 3 |  3.3
Fighting       | 3 4 |  4.2
Staves         | 4 |  4.8
Dodging        | 4 |  4.5
Throwing       | |  2.0
Invocations    | |  0.6

Action                   |  1- 3 |  4- 6 || total
-------------------------+-------+-------++-------
Melee: Quarterstaff      |    74 |    91 ||   165
       Headbutt          |    11 |    10 ||    21
Throw: Tomahawk          |       |     4 ||     4
  Use: Scroll            |       |     1 ||     1
       Potion            |       |     1 ||     1
  Eat: Chunk             |     1 |     6 ||     7
Armor: Leather armour    |    14 |     1 ||    15
       Chain mail        |       |    39 ||    39
Dodge: Dodged            |    52 |    38 ||    90
Block: Other             |       |    21 ||    21
